 Dungeon Crawl Stone Soup version 0.19.5 (webtiles) character file.

112 bobbobbob the Grave Robber (level 4, -1/30 HPs)
             Began as a Vampire Necromancer on Apr 20, 2017.
             Slain by Crazy Yiuf
             ... wielding a +3 quarterstaff of chaos
              (2 damage)
             ... on level 2 of the Dungeon.
             The game lasted 00:26:34 (2687 turns).

bobbobbob the Grave Robber (Vampire Necromancer)    Turns: 2687, Time: 00:26:35

Health: -1/30      AC:  2    Str:  7    XL:     4   Next: 64%
Magic:  3/8        EV: 12    Int: 18    God:
Gold:   133        SH:  0    Dex: 14    Spells: 2 memorised, 5 levels left

rFire  . . .     SeeInvis +     (no weapon)
rCold  . . .     Gourm    .     a - +0 robe
rNeg   + . .     Faith    .     (no shield)
rPois  .         Spirit   .     (no helmet)
rElec  .         Reflect  .     (no cloak)
rCorr  .         Harm     .     (no gloves)
MR     .....                    (no boots)
Stlth  ++........               (no amulet)
                                (no ring)
                                (no ring)

@: very slightly contaminated
A: fangs 3, see invisible, unbreathing
a: Bat Form


You were on level 2 of the Dungeon.
You were not thirsty.

You visited 1 branch of the dungeon, and saw 2 of its levels.

You collected 133 gold pieces.

Inventory:

Armour
 a - a +0 robe (worn)
 d - a cursed +0 robe
 f - a +0 robe
Scrolls
 e - 2 scrolls of identify {unknown}
 g - a scroll of remove curse {unknown}
 i - a scroll of enchant armour {unknown}
 k - a scroll of teleportation {unknown}
 l - a scroll of amnesia {unknown}
Potions
 c - 11 potions of blood
 h - a potion of brilliance {unknown}
 j - a potion of might {unknown}
 m - a potion of degeneration {unknown}
Books
 b - a book of Necromancy

   Spells                             Type                      Level
   a - Pain                           Necromancy                   1
   b - Animate Skeleton               Necromancy                   1
   c - Vampiric Draining              Necromancy                   3
   d - Regeneration                   Charms/Necromancy            3
   e - Animate Dead                   Necromancy                   4
   f - Control Undead                 Necromancy                   4


   Skills:
 + Level 2.2 Dodging
 + Level 3.2 Stealth
 + Level 0.2 Unarmed Combat
 + Level 3.0 Spellcasting
 + Level 5.9 Necromancy


You had 5 spell levels left.
You knew the following spells:

 Your Spells              Type           Power        Failure   Level  Hunger
a - Pain                  Necr           ###.         1%          1    None
b - Regeneration          Chrm/Necr      ##........   17%         3    ###....


Dungeon Overview and Level Annotations

Branches:
Dungeon (2/15)

Altars:
Ashenzari
Okawaru

Annotations:
D:2 Crazy Yiuf, Sigmund


Innate Abilities, Weirdness & Mutations

You have razor-sharp teeth.
You have supernaturally acute eyesight. (SInv)
You can survive without breathing.


Message History

Confirm with . or Enter, or press ? or * to list all spells.
Aiming: Pain
Press: ? - help, Shift-Dir - straight line, f/p - Crazy Yiuf
Aim: Crazy Yiuf, wielding a quarterstaff of chaos and wearing a cloak (almost dead, chance to defeat MR: 88%)
You miscast Pain.
You are very lightly contaminated with residual magic.
You hear strange and distant voices.
Crazy Yiuf hits you with a quarterstaff of chaos!
* * * LOW HITPOINT WARNING * * *
Crazy Yiuf freezes you.
* * * LOW HITPOINT WARNING * * *
Casting: Pain
Confirm with . or Enter, or press ? or * to list all spells.
Aiming: Pain
Press: ? - help, Shift-Dir - straight line, f/p - Crazy Yiuf
Aim: Crazy Yiuf, wielding a quarterstaff of chaos and wearing a cloak (severely wounded, chance to defeat MR: 88%) Crazy Yiuf barely resists.
Crazy Yiuf cries, "You leg down broken song, no?"
Crazy Yiuf hits you with a quarterstaff of chaos.
You die...

#..........##........####...÷....
#..........''........'..'......<.
#..........##........####........
#........############# #........
#........# #........ .#'#.....#
♣♣♣♣♣#####..... .#.#....(# ###
♣♣♣.♣....#######. .#.#.....#
#...#♣..♣.)...)## #. .#.#.....#
#...g@♣♣♣♣......# #. .#.####'##
#)..#♣♣ ♣♣...).## #. .#.# #.# ###
♣♣##...# #. .#.# #.# #...# #.
.#.####'## #...# #. .........####
########...# #.
##..........######..........# #.
)...........#....'..........# #.
###.........#.####..........# #.


You could see Crazy Yiuf.

Vanquished Creatures
  Ijyb (D:2)
  2 adders (D:2)
  2 worms (D:2)
  A leopard gecko (D:2)
  2 ball pythons (D:1)
  3 giant cockroaches
  9 goblins
  9 hobgoblins
  7 jackals
  2 kobolds
  3 quokkas (D:2)
  7 bats
  3 frilled lizards (D:2)
  6 rats
57 creatures vanquished.

Notes
Turn   | Place    | Note
-------+----------+-------------------------------------------
     0 | D:1      | bobbobbob the Vampire Necromancer began the quest for the Orb.
     0 | D:1      | Reached XP level 1. HP: 13/13 MP: 3/3
   259 | D:1      | Reached XP level 2. HP: 15/19 MP: 3/5
   260 | D:1      | Found an iron altar of Okawaru.
   299 | D:1      | Reached skill level 5 in Necromancy
  1094 | D:2      | Reached XP level 3. HP: 24/24 MP: 4/6
  1423 | D:2      | Noticed Ijyb
  1441 | D:2      | Killed Ijyb
  1625 | D:2      | Reached XP level 4. HP: 29/30 MP: 4/7
  1643 | D:2      | Found a runed door.
  1688 | D:2      | Found a shattered altar of Ashenzari.
  1725 | D:2      | Noticed Sigmund
  2130 | D:2      | HP: 1/30 [poisoned by an adder]
  2132 | D:2      | Learned a level 3 spell: Regeneration
  2651 | D:2      | Noticed Crazy Yiuf
  2686 | D:2      | HP: 1/30 [Crazy Yiuf/quarterstaff of chaos (4)]
  2687 | D:2      | Slain by Crazy Yiuf

Skill      XL: |  1  2  3  4 |
---------------+-------------+-----
Necromancy     | 5 |  5.9
Spellcasting   | 3 |  3.0
Dodging        | |  2.2
Stealth        | |  3.2
Unarmed Combat | |  0.2

Action                   |  1- 3 |  4- 6 || total
-------------------------+-------+-------++-------
Melee: Unarmed           |    31 |     5 ||    36
       Bite              |     5 |       ||     5
 Cast: Pain              |    51 |    56 ||   107
       Regeneration      |       |     1 ||     1
 Abil: End Transformatio |       |     1 ||     1
       Bat Form          |       |     1 ||     1
  Use: Potion            |     5 |     5 ||    10
Armor: Robe              |     5 |     2 ||     7
Dodge: Dodged            |    24 |    11 ||    35
